 Dungeon Crawl Stone Soup version 0.31-a0-4-gefa6de2278 (webtiles) character file.

Game seed: 7155564726697337017

31730 ryw the Devastator (level 13, -28/70 HPs)
             Began as a Deep Elf Hedge Wizard on May 2, 2023.
             Was an Elder of Vehumet.
             Annihilated by a yak (41 damage)
             ... on level 5 of the Lair of Beasts on May 3, 2023.
             The game lasted 01:14:37 (22750 turns).

ryw the Devastator (Deep Elf Hedge Wizard)         Turns: 22750, Time: 01:14:38

Health: -28/70     AC:  8    Str:  7    XL:     13   Next: 27%
Magic:  38/38      EV:  2    Int: 40    God:    Vehumet [****..]
Gold:   200        SH:  0    Dex: 14    Spells: 4/32 levels left

rFire   . . .        K - staff of conjuration
rCold   . . .        f - +4 buckler of the Lost Path {rN++ Int+3}
rNeg    + + .        b - +0 robe
rPois   .            F - +2 helmet "Nuti" {MP+9}
rElec   .            x - +0 cloak
rCorr   .            h - +1 pair of gloves
SInv    .            (no boots)
Will    +....        e - amulet of magic regeneration
Stlth   ++           d - +6 ring of intelligence
HPRegen 0.31/turn    g - +6 ring of intelligence
MPRegen 0.66/turn

%: no passive effects
@: sleeping, slowed
A: no striking features
a: Renounce Religion


You were on level 5 of the Lair of Beasts.
You worshipped Vehumet.
Vehumet was greatly pleased with you.
You visited 3 branches of the dungeon, and saw 16 of its levels.

You collected 750 gold pieces.
You spent 550 gold pieces at shops.

Inventory:

Hand Weapons
 o - a +6 short sword of protection
Missiles
 D - 5 throwing nets
Armour
 b - a +0 robe (worn)
 f - the +4 buckler of the Lost Path (worn) {rN++ Int+3}
   (You acquired it on level 3 of the Dungeon)

   Int:       It affects your intelligence (+3).
   rN:        It greatly protects you from negative energy.
 h - a +1 pair of gloves (worn)
 x - a +0 cloak (worn)
 F - the +2 helmet "Nuti" (worn) {MP+9}
   (You found it on level 9 of the Dungeon)

   MP:        It affects your magic capacity (+9).
Magical Staves
 K - a staff of conjuration (weapon)
Jewellery
 d - a +6 ring of intelligence (left hand)
 e - an amulet of magic regeneration (around neck)
 g - a +6 ring of intelligence (right hand)
 m - a ring of protection from fire
 J - a ring of flight
 N - a +4 ring of protection
 O - an amulet of the acrobat
 Q - a ring of magical power
Wands
 s - a wand of flame (38)
 z - a wand of roots (19)
 E - a wand of polymorph (5)
 R - a wand of light (7)
Scrolls
 a - a scroll of blinking
 i - 2 scrolls of torment
 k - 6 scrolls of amnesia
 l - 3 scrolls of fear
 n - 5 scrolls of magic mapping
 p - 2 scrolls of butterflies
 v - a scroll of enchant weapon
 y - a scroll of immolation {unknown}
 A - 9 scrolls of teleportation
 G - a scroll of brand weapon
 L - 2 scrolls of fog {unknown}
Potions
 c - 10 potions of curing
 j - 4 potions of heal wounds
 q - 2 potions of brilliance
 r - 5 potions of invisibility
 t - 4 potions of degeneration
 u - 2 potions of mutation
 w - 2 potions of magic
 B - 2 potions of flight {unknown}
 C - 2 potions of haste
 H - 2 potions of berserk rage
 I - a potion of might {unknown}
 M - a potion of ambrosia
Miscellaneous
 P - a lightning rod (4/4)


   Skills:
 + Level 3.7 Fighting
 + Level 8.6 Dodging
 - Level 2.4 Stealth
 - Level 5.0 Shields
 - Level 10.0 Spellcasting
 * Level 18.3 Conjurations
 + Level 5.3 Summonings
 - Level 5.3 Translocations
 - Level 2.0 Air Magic
 + Level 5.2 Earth Magic
 - Level 2.0 Poison Magic


You had 4 spell levels left.
You knew the following spells:

 Your Spells              Type           Power      Damage    Failure   Level
a - Magic Dart            Conj           100%       1d8       0%          1
b - Blink                 Tloc           100%       N/A       1%          2
c - Call Imp              Summ           100%       N/A       1%          2
d - Mephitic Cloud        Conj/Pois/Air  88%        N/A       1%          3
e - Stone Arrow           Conj/Erth      100%       3d13      1%          3
f - Iskenderun's Battles  Conj           100%       2d15      1%          5
g - Flame Wave            Conj/Fire      96%        2d20      1%          4
h - Lehudib's Crystal Sp  Conj/Erth      53%        10d13     32%         8

Your spell library contained the following spells:

 Spells                   Type           Power      Damage    Failure   Level
 Airstrike                Air            18%        2d(3-19)  3%          4
 Apportation              Tloc           100%       N/A       1%          1
 Kiss of Death            Conj/Necr      100%       2d13      1%          1
 Static Discharge         Conj/Air       100%       2-7/arc   1%          2
 Dazzling Flash           Conj/Hex       100%       N/A       1%          3
 Fulminant Prism          Conj/Hex       48%        3d21      1%          4
 Sticky Flame             Conj/Fire      96%        2d11      1%          4
 Slow                     Hex            80%        N/A       2%          1
 Cigotuvi's Dreadful Rot  Necr/Pois/Air  60%        N/A       2%          2
 Inner Flame              Hex/Fire       20%        N/A       2%          3
 Animate Armour           Summ/Erth      100%       N/A       3%          4
 Manifold Assault         Tloc           58%        N/A       3%          4
 Sublimation of Blood     Necr           20%        N/A       4%          2
 Petrify                  Tmut/Erth      41%        N/A       9%          4
 Summon Ice Beast         Ice/Summ       41%        N/A       9%          4
 Irradiate                Conj/Tmut      48%        3d27      1%          5
 Summon Mana Viper        Hex/Summ       41%        N/A       26%         5
 Alistair's Intoxication  Tmut/Pois      18%        N/A       43%         5
 Silence                  Hex/Air        14%        N/A       43%         5
 Agony                    Necr           20%        N/A       58%         5
 Monstrous Menagerie      Summ           29%        N/A       95%         7
 Simulacrum               Ice/Necr       10%        N/A       99%         6
 Storm Form               Tmut/Air       14%        N/A       100%        7
 Borgnjor's Revivificati  Necr           10%        N/A       100%        8


Dungeon Overview and Level Annotations

Branches:
Dungeon (10/15)            Temple (1/1) D:5            Lair (5/5) D:8
 Shoals (0/4) Lair:2       Spider (0/4) Lair:3          Orc (0/2) D:10
  Slime: Lair:4-5

Altars:
Ashenzari
Cheibriados
Dithmenos
Elyvilon
Fedhas
Gozag
Hepliaklqana
Kikubaaqudgha
Makhleb
Nemelex Xobeh
Okawaru
Ru
Sif Muna
Trog
Uskayaw
Vehumet
Wu Jian
Xom
Yredelemnul
Zin

Shops:
D:2 ?=:   D:5 *

Annotations:
Lair:2 3 runed translucent doors, backslashecho's ghost, journeyman TeAE; lotum's ghost, journeyman FoFi; meatpath's ghost, journeyman TrMo; mrblue0's ghost, journeyman HuNe
Lair:3 exclusion: oklob plant


Message History

The torpor snail bites your cerulean imp!
Your cerulean imp hits the torpor snail but does no damage.
The torpor snail bites your cerulean imp!!
Your cerulean imp dies!
Your cerulean imp disappears in a puff of smoke!
You wake up.
Casting: Call Imp (safe; 1% risk of failure)
Confirm with . or Enter, or press ? or * to list all spells.
A tiny devil pulls itself out of the air.
The torpor snail bites your battlesphere.
The torpor snail barely misses your battlesphere.
Your cerulean imp hits the torpor snail but does no damage.
You feel yourself speed up.
Your cerulean imp is no longer moving slowly.
A komodo dragon comes into view.
The komodo dragon hisses angrily.
The yak bellows!
You swap places.
Your cerulean imp is no longer moving slowly.
Being near the torpor snail leaves you feeling lethargic.
Something bites the fungus.
The dream sheep ruffles its wool and motes of dream dust sparkle, to no effect.
Something bites the fungus!!
The komodo dragon bites you.
The dream sheep ruffles its wool and motes of dream dust sparkle, to no effect.
A nearby fungus withers and dies.
The komodo dragon bites you!
The komodo dragon attacks as you move away!
The komodo dragon bites you!
* * * LOW HITPOINT WARNING * * *
The komodo dragon bites your battlesphere!
You block the yak's attack.
The dream sheep shake their wool and sparkle.
You feel drowsy...
You fall asleep.
The torpor snail bites your battlesphere!
Your cerulean imp hits the torpor snail but does no damage.
The komodo dragon bites your battlesphere!
The yak gores your battlesphere!
Your battlesphere is destroyed!
The yak gores you!!!
Ouch! That really hurt!
You die...

##<...†...#..........F
##.....†####..........
#...##.⌠.##...#.⌠.⌠.##
##..#.....#..#.......#
#P.#⌠.<..+......<...#
#..#.....#..........#
#..##.⌠.##.....⌠.⌠.##.. ...
##...##.###Yl#.....#..# ...
#........@☼Y.........#....
#........#.w.....##.#....#
#.#.........#.)5#.##..#.Y...
.............#.Y......##Y..P.
......P........#......##.YYY.P
......P.#.....#.#l#+###Yl#
.....P#~~#~#....##.Y.wYY##
......~#~~~~~..####Y.###.#
......#.~~~~#.P# #### ##


You could see a torpor snail (unaware, ally target), 2 komodo dragons, 2 yaks, 2
dream sheep and a friendly cerulean imp (summoned, slow).

Vanquished Creatures
  4 hydras
  Harold (D:10)
  2 boulder beetles
  2 two-headed ogres
  Amaemon (Lair:2)
  Urug (Lair:2)
  Sonja (Lair:4)
  3 harpies (Lair:2)
  An elephant (Lair:2)
  6 black mambas
  5 cane toads
  A gargoyle (D:10)
  An orange demon (Lair:2)
  3 rime drakes
  10 komodo dragons
  Prince Ribbit (Lair:2)
  A polar bear (Lair:3)
  18 blink frogs
  A hornet (D:10)
  A dream sheep (Lair:2)
  4 wyverns
  17 yaks
  5 basilisks
  A wraith (D:7)
  Eustachio (D:5)
  The ghost of oldplebian the Chiller, an amateur DgIE (D:3)
  3 swamp worms (Lair:1)
  3 acid dragons
  2 wargs
  12 water moccasins
  3 orc warriors
  A sky beast (D:6)
  4 ice beasts
  2 black bears
  2 centaurs
  4 ogres
  8 wolves
  A phantom (D:6)
  3 kobold brigands
  14 bullfrogs
  5 scorpions
  5 killer bees (D:9)
  6 howler monkeys
  An electric eel (Lair:2)
  4 jellies (D:5)
  Crazy Yiuf (D:2)
  4 orc priests
  2 hounds
  4 gnoll boudas
  2 sleepcaps (D:5)
  4 iguanas
  6 orc wizards
  14 gnolls
  9 adders
  A white imp (D:8)
  A worm (D:3)
  5 dart slugs
  19 orcs
  6 bats
  8 endoplasms
  4 giant cockroaches
  15 goblins
  10 hobgoblins
  8 jackals
  6 quokkas
  5 ball pythons
  3 frilled lizards
  16 kobolds
  8 rats (D:1)
  A bush (Lair:2)
338 creatures vanquished.

Vanquished Creatures (collateral kills)
  A water moccasin (D:7)
  An ice beast (D:8)
  A black bear (D:3)
  A howler monkey (D:10)
  A hound (D:5)
  An orc priest (D:4)
  An orc wizard (D:7)
  Robin (D:2)
  An adder (D:3)
  3 gnolls
  A worm (D:4)
  7 orcs
  4 kobolds
24 creatures vanquished.

Vanquished Creatures (others)
  40 fungi
  70 plants
  12 toadstools (Lair:3)
122 creatures vanquished.

Grand Total: 484 creatures vanquished

Notes
Turn   | Place    | Note
-------+----------+-------------------------------------------
     0 | D:1      | ryw the Deep Elf Hedge Wizard began the quest for the Orb.
     0 | D:1      | Reached XP level 1. HP: 10/10 MP: 7/7
   293 | D:2      | Reached skill level 2 in Conjurations
   393 | D:1      | Reached XP level 2. HP: 15/15 MP: 5/9
   549 | D:1      | Found a faded altar of an unknown god.
   722 | D:1      | Reached skill level 3 in Conjurations
   799 | D:1      | Learned a level 2 spell: Blink
   802 | D:1      | Learned a level 2 spell: Call Imp
   928 | D:1      | Reached XP level 3. HP: 19/19 MP: 5/10
  1359 | D:2      | Found Zaxips's Magic Scroll Shoppe.
  1369 | D:2      | Reached skill level 4 in Conjurations
  1534 | D:2      | Found Eseguadd's Book Boutique.
  1571 | D:2      | Found Gerhid's Jewellery Emporium.
  1637 | D:2      | Noticed Robin
  1638 | D:2      | Reached XP level 4. HP: 24/24 MP: 3/12
  1870 | D:3      | Noticed a black bear
  2018 | D:2      | Found a runed translucent door.
  2019 | D:2      | Noticed Crazy Yiuf
  2413 | D:1      | HP: 1/24 [poisoned by a goblin]
  2484 | D:2      | Killed Robin
  2649 | D:2      | Killed Crazy Yiuf
  2650 | D:2      | Reached skill level 5 in Conjurations
  2650 | D:2      | Reached XP level 5. HP: 6/28 MP: 0/13
  3332 | D:3      | Killed a black bear
  3473 | D:3      | Found a runed translucent door.
  3473 | D:3      | Noticed oldplebian's ghost (amateur DgIE)
  3817 | D:3      | Identified 2 scrolls of acquirement
  3817 | D:3      | Acquired the +4 buckler of the Lost Path {rN++ Int+3}
  4216 | D:3      | Learned a level 3 spell: Mephitic Cloud
  4347 | D:4      | Reached XP level 6. HP: 32/32 MP: 10/14
  4654 | D:4      | Acquired Sif Muna's Handbook of Vehement Darkness
  4661 | D:4      | Learned a level 3 spell: Stone Arrow
  4672 | D:4      | Found an ancient bone altar of Kikubaaqudgha.
  5346 | D:5      | Entered Level 5 of the Dungeon
  5372 | D:5      | Noticed a water moccasin
  5541 | D:5      | Noticed Eustachio
  5599 | D:5      | Reached skill level 1 in Earth Magic
  5599 | D:5      | Reached skill level 1 in Poison Magic
  5978 | D:6      | Reached XP level 7. HP: 37/37 MP: 6/16
  6191 | D:6      | Reached skill level 1 in Fighting
  6191 | D:6      | Reached skill level 1 in Shields
  6318 | D:5      | Reached skill level 5 in Spellcasting
  6318 | D:5      | Reached skill level 1 in Air Magic
  6661 | D:5      | Found Guameetoaff's Assorted Antiques.
  6703 | D:5      | Reached skill level 5 in Summonings
  6852 | D:5      | Reached skill level 6 in Conjurations
  6887 | D:5      | Reached XP level 8. HP: 43/43 MP: 12/17
  6989 | D:5      | Learned a level 5 spell: Iskenderun's Battlesphere
  6995 | D:5      | Found a staircase to the Ecumenical Temple.
  7001 | Temple   | Entered the Ecumenical Temple
  7020 | Temple   | Became a worshipper of Vehumet
  7523 | D:5      | You fall into a shaft and drop 1 floor!
  7624 | D:5      | Killed Eustachio
  7625 | D:5      | Reached skill level 7 in Conjurations
  8915 | D:6      | Reached skill level 8 in Conjurations
  9145 | D:6      | Reached XP level 9. HP: 47/47 MP: 11/18
  9836 | D:6      | Found a sparkling altar of Nemelex Xobeh.
 10038 | D:7      | Reached * piety under Vehumet
 10038 | D:7      | Offered knowledge of Foxfire by Vehumet.
 10050 | D:7      | Reached skill level 5 in Shields
 10422 | D:7      | Reached skill level 5 in Translocations
 10798 | D:7      | Found an iron altar of Okawaru.
 11009 | D:7      | Found a snail-covered altar of Cheibriados.
 11352 | D:7      | Found a shadowy altar of Dithmenos.
 11706 | D:7      | Found a bloodstained altar of Trog.
 11706 | D:7      | Found a glowing silver altar of Zin.
 11961 | D:8      | Reached skill level 9 in Conjurations
 12042 | D:8      | Noticed a rime drake
 12063 | D:7      | Offered knowledge of Sandblast by Vehumet.
 12064 | D:7      | Reached XP level 10. HP: 44/53 MP: 10/21
 12263 | D:8      | Reached skill level 5 in Dodging
 12395 | D:8      | Found a staircase to the Lair.
 12590 | D:8      | Upgraded the game from 0.31-a0-1-g4198be8af4 to
                  | 0.31-a0-4-gefa6de2278
 12640 | D:8      | Reached ** piety under Vehumet
 12703 | D:8      | Reached skill level 10 in Conjurations
 13505 | D:9      | Noticed a two-headed ogre
 13691 | D:9      | Reached skill level 11 in Conjurations
 13697 | D:9      | Offered knowledge of Searing Ray by Vehumet.
 13905 | D:9      | Killed a two-headed ogre
 13908 | D:9      | Reached *** piety under Vehumet
 14060 | D:9      | Identified the +2 helmet "Nuti" {MP+9}
 14419 | D:9      | Found a hide-covered altar of Uskayaw.
 14528 | D:10     | Entered Level 10 of the Dungeon
 14682 | D:10     | Reached skill level 12 in Conjurations
 15012 | D:10     | Found a staircase to the Orcish Mines.
 15039 | D:10     | Noticed Harold
 15251 | D:9      | Reached XP level 11. HP: 20/57 MP: 22/26
 15543 | D:2      | Bought a scroll of teleportation for 30 gold pieces
 15592 | D:3      | Killed oldplebian's ghost
 15836 | D:10     | Killed Harold
 15878 | D:10     | Noticed a two-headed ogre
 15934 | D:10     | Killed a two-headed ogre
 16077 | D:10     | Reached skill level 10 in Spellcasting
 17144 | Lair:1   | Entered Level 1 of the Lair of Beasts
 17305 | Lair:1   | Reached skill level 13 in Conjurations
 18380 | Lair:2   | Noticed a four-headed hydra
 18391 | Lair:1   | Reached skill level 14 in Conjurations
 18431 | Lair:2   | Noticed Urug
 18450 | Lair:2   | Noticed Prince Ribbit
 18458 | Lair:2   | Killed Prince Ribbit
 18482 | Lair:2   | Killed Urug
 18582 | Lair:2   | Noticed Amaemon
 18825 | D:2      | Bought a scroll of acquirement for 520 gold pieces
 18825 | D:2      | Acquired a staff of conjuration
 18833 | D:2      | Learned a level 4 spell: Flame Wave
 19134 | Lair:2   | Reached XP level 12. HP: 64/64 MP: 28/28
 19287 | Lair:2   | Found a staircase to the Shoals.
 19292 | Lair:2   | Reached skill level 15 in Conjurations
 19778 | Lair:2   | Killed Amaemon
 19780 | Lair:2   | Reached skill level 16 in Conjurations
 19800 | Lair:2   | Found a runed translucent gate.
 19801 | Lair:2   | Found a runed translucent gate.
 19801 | Lair:2   | Noticed meatpath's ghost (journeyman TrMo)
 19802 | Lair:2   | Found a runed translucent gate.
 19803 | Lair:2   | Noticed backslashecho's ghost (journeyman TeAE)
 19803 | Lair:2   | Noticed mrblue0's ghost (journeyman HuNe)
 19803 | Lair:2   | Noticed lotum's ghost (journeyman FoFi)
 19873 | Lair:2   | Killed a four-headed hydra
 20539 | Lair:3   | Found a hole to the Spider Nest.
 20683 | Lair:3   | Reached skill level 17 in Conjurations
 20855 | Lair:3   | Offered knowledge of Airstrike by Vehumet.
 21083 | Lair:3   | Found a blossoming altar of Fedhas.
 21250 | Lair:3   | Noticed a boulder beetle
 21257 | Lair:3   | Killed a boulder beetle
 21377 | Lair:3   | Learned a level 8 spell: Lehudib's Crystal Spear
 21518 | Lair:4   | Noticed a five-headed hydra
 21523 | Lair:4   | Killed a five-headed hydra
 21763 | Lair:4   | Identified the +5 leather armour of Souv {Rampage rF- Will+
                  | Str+4}
 21812 | Lair:4   | Reached **** piety under Vehumet
 21813 | Lair:4   | Reached skill level 18 in Conjurations
 21813 | Lair:4   | Reached XP level 13. HP: 68/68 MP: 29/29
 21868 | Lair:4   | Noticed Sonja
 21871 | Lair:4   | Killed Sonja
 22458 | Lair:5   | Entered Level 5 of the Lair of Beasts
 22600 | Lair:5   | Reached skill level 5 in Earth Magic
 22750 | Lair:5   | Annihilated by a yak

Illustrated notes

Levels and vault maps discovered:
D:1:      dpeg_arrival_ratfight, layout_basic, ebering_ecumenical_altar_mist
D:2:      layout_rooms, serial_shops, shop, shop, shop, uniq_crazy_yiuf_cottage,
          uniq_robin
D:3:      layout_basic, gammafunk_ghost_grave
D:4:      layout_loops_corners, lemuel_tele_altar, bh_walls_and_bars
D:5:      layout_basic, minmay_temple_entry_ruins, serial_shops, shop,
          minmay_puff, uniq_eustachio
D:6:      layout_basic, nemelex_diamond_rough_becter, gup_sewer_entry_pipe,
          st_stairs_7
D:7:      minmay_general_purpose_star, layout_loops_ring, kennysheep_mini,
          grunt_dithmenos_smoke_and_mirrors,
          mainiacjoe_overflow_small_starburst,
          gammafunk_temple_overflow_elements, chequers_arboretum
D:8:      layout_basic, hellmonk_lair_entry_icy, nicolae_ossuary_entry_plus,
          minivault_22
D:9:      layout_cave_pools, nicolae_overflow_hidden_temple
D:10:     layout_stronghold, david_orc_1_choice, enter_bailey_2,
          glass_columns_b, uniq_harold
Temple:   nicolae_temple_ecumenical_triangle
Lair:1:   layout_cave_shapes, worms_lemuel, grunt_megastairs_1,
          serial_bayou_shore_a
Lair:2:   layout_layer_cave, nicolae_shoals_entry_roost,
          gammafunk_ghost_cemetery, nicolae_quartered_pool_super,
          minmay_shattered_shrine, uniq_amaemon, uniq_urug, uniq_prince_ribbit2
Lair:3:   layout_regular_city, spider_nest_entry_web_field, tgw_fedhas
Lair:4:   layout_loops_ring, infiniplex_staircase_pool, uniq_sonja
Lair:5:   due_jungle_book, layout_gridlike, slime_entry_1,
          gauntlet_entry_generic, infiniplex_staircase_pool_2,
          grunt_megastairs_2

Skill      XL: |  1  2  3  4  5  6  7  8  9 10 11 12 13 |
---------------+----------------------------------------+-----
Conjurations   | 2 3 4 5 6 8 9 12 14 18 | 18.3
Summonings     | 2 4 5 |  5.3
Earth Magic    | 1 2 4 5 |  5.2
Poison Magic   | 1 2 |  2.0
Translocations | 2 3 5 |  5.3
Fighting       | 1 2 3 |  3.7
Dodging        | 3 4 5 8 |  8.6
Shields        | 2 4 5 |  5.0
Spellcasting   | 5 6 9 10 | 10.0
Air Magic      | 2 |  2.0
Stealth        | |  2.4

Action                     |  1- 3 |  4- 6 |  7- 9 | 10-12 | 13-15 || total
---------------------------+-------+-------+-------+-------+-------++-------
  Melee: Dagger            |     1 |       |       |       |       ||     1
         Short sword       |       |       |     6 |     2 |       ||     8
         Staff             |       |       |       |     1 |       ||     1
   Cast: Magic Dart        |   114 |   124 |   188 |   276 |    20 ||   722
         Call Imp          |       |    37 |    32 |     5 |     3 ||    77
         Blink             |       |     4 |       |       |       ||     4
         Mephitic Cloud    |       |     5 |     8 |     9 |       ||    22
         Stone Arrow       |       |     1 |    61 |   100 |    26 ||   188
         Iskenderun's Batt |       |       |     2 |    62 |    10 ||    74
         Flame Wave        |       |       |       |     3 |       ||     3
  Evoke: Wand              |       |     4 |       |       |       ||     4
    Use: Potion            |       |     2 |       |       |       ||     2
         Scroll            |       |    12 |     7 |    11 |       ||    30
 Armour: Robe              |     2 |     8 |    15 |    12 |     3 ||    40
  Dodge: Dodged            |     5 |    26 |    21 |    51 |     4 ||   107
  Block: Buckler           |       |    11 |    24 |    36 |     1 ||    72

Table legend: (Time is in decaauts)
 A = Elapsed time spent in this place.
 B = Non-inter-level travel time spent in this place.
 C = Inter-level travel time spent in this place.
 D = Time resting spent in this place.
 E = Time spent auto-exploring this place.
 F = Levels seen in this place.
 G = Mean time per level.
                   A        B        C        D        E       F      G
               +--------+--------+--------+--------+--------+-----+--------+
         Total |  22812 |  20747 |   2065 |   6038 |  11320 |  16 | 1425.8 |
       Dungeon |  17421 |  15669 |   1752 |   5126 |   7931 |  10 | 1742.1 |
        Temple |     32 |     20 |     12 |      0 |      9 |   1 |   32.0 |
          Lair |   5358 |   5057 |    301 |    912 |   3380 |   5 | 1071.6 |
               +--------+--------+--------+--------+--------+-----+--------+

Top non-repeatable levels by time:
     D:5: 2591 daAuts
     D:6: 2333 daAuts
     D:7: 2169 daAuts
     D:8: 1989 daAuts
     D:3: 1586 daAuts
  Lair:1: 1519 daAuts
     D:4: 1477 daAuts
    D:10: 1458 daAuts
  Lair:2: 1349 daAuts
     D:2: 1322 daAuts
     D:1: 1302 daAuts
  Lair:3: 1249 daAuts
     D:9: 1189 daAuts
  Lair:4: 1054 daAuts
  Lair:5: 186 daAuts
